Map: Ruines de Seras

Players

Reynor - Winner!

  • Race: Zerg Zerg
  • League: Grandmaster

DIMAGA

  • Race: Zerg Zerg
  • League: Platinum

Event: NationWars III

VOD

Have the link to the VOD?

Description

Time

  • Played on: Nov. 19, 2015, 12:55 p.m.
  • Length: 16:30
Show
View Real Time Build Order
Export as new Build Order

Reynor Zerg - Winner!

Build Orders: Pool First, Lurkers 

Get SALT Encoding   

  12  0:01  Drone  
  13  0:12  Overlord  
  13  0:18  Drone  
  14  0:24  Extractor  
  14  0:25  Drone  
  15  0:31  Drone  
  15  0:35  Drone  
  17  0:40  Extractor  
  16  0:46  Drone  
  17  0:55  Spawning Pool  
  16  0:57  Drone  
  17  1:08  Drone  
  18  1:28  Hatchery  
  18  1:29  Drone  
  18  1:42  Metabolic Boost  
  18  1:47  Queen  
  18  1:53  Overlord  
  20  1:57  Zergling x2  
  20  2:00  Drone  
  22  2:14  Drone  
  23  2:16  Zergling x2  
  24  2:23  Queen  
  24  2:26  Zergling x2  
  27  2:38  Zergling x2  
  27  2:41  Drone  
  29  2:49  Baneling Nest  
  29  2:50  Drone  
  30  2:51  Zergling x2  
  30  2:54  Drone x2  
  30  2:56  Overlord  
  32  3:00  Drone  
  32  3:02  Zergling x2  
  34  3:10  Drone  
  35  3:12  Drone  
  35  3:26  Drone  
  35  3:32  Drone x3  
  35  3:33  Zergling x2  
  35  3:34  Zergling x2  
  40  3:35  Baneling  
  40  3:36  Overlord  
  40  3:38  Zergling x4  
  42  3:44  Drone  
  42  3:47  Overlord  
  42  3:48  Evolution Chamber  
  42  3:52  Drone  
  43  3:55  Drone  
  43  4:00  Drone  
  45  4:08  Zergling x2  
  45  4:09  Drone x2  
  48  4:17  Overlord  
  48  4:21  Hatchery  
  46  4:28  Zergling x10  
  46  4:32  Zerg Ground Armor Level 1  
  46  4:34  Zergling x6  
  46  4:35  Zergling x2  
  50  4:40  Baneling  
  50  4:41  Baneling x2  
  50  4:42  Drone x2  
  52  4:46  Queen  
  52  4:47  Baneling  
  52  4:52  Zergling x2  
  55  4:53  Baneling  
  55  4:54  Drone x2  
  55  4:57  Overlord  
  57  5:03  Drone  
  57  5:06  Drone  
  59  5:09  Extractor  
  59  5:12  Spine Crawler  
  54  5:22  Zergling x8  
  54  5:24  Queen x2  
  61  5:31  Baneling  
  61  5:33  Queen  
  61  5:34  Zergling x8  
  61  5:35  Zergling x2  
  68  5:37  Drone  
  68  5:41  Drone  
  70  5:43  Drone x2  
  70  5:47  Drone  
  73  5:53  Drone  
  73  5:54  Drone  
  73  5:55  Drone  
  76  6:05  Queen  
  76  6:06  Queen  
  76  6:07  Spore Crawler, Drone x2  
  81  6:18  Overlord  
  81  6:23  Drone  
  81  6:24  Spore Crawler  
  81  6:25  Overlord  
  80  6:26  Zerg Melee Weapons Level 1  
  80  6:34  Overlord  
  80  6:35  Spore Crawler  
  80  6:37  Spore Crawler  
  78  6:41  Queen  
  78  6:43  Lair  
  78  6:44  Overlord  
  80  6:47  Drone x2  
  80  6:48  Drone  
  79  6:55  Drone x4  
  81  7:01  Drone x4  
  81  7:02  Drone x2, Zergling x2  
  81  7:03  Spore Crawler  
  81  7:05  Drone x2  
  81  7:06  Drone x2  
  88  7:16  Zergling x10  
  93  7:26  Hatchery  
  93  7:27  Spore Crawler, Zergling x6  
  89  7:37  Drone x3  
  89  7:40  Drone x3  
  89  7:44  Extractor  
  91  7:45  Hydralisk Den  
  91  7:48  Zergling x6  
  88  7:56  Zergling x6  
  88  7:58  Baneling  
  91  7:59  Zergling x2  
  91  8:01  Drone x2  
  91  8:04  Queen, Extractor  
  91  8:05  Extractor  
  94  8:13  Overlord x4  
  94  8:16  Lurker Den  
  94  8:19  Spore Crawler  
  93  8:29  Overlord  
  93  8:32  Drone  
  93  8:33  Drone x8  
  102  8:37  Extractor  
  100  8:43  Hydralisk x2  
  100  8:44  Hydralisk x2  
  104  8:57  Hydralisk x6  
  104  9:00  Zergling x6  
  116  9:04  Zergling x4  
  116  9:05  Hydralisk  
  113  9:11  Drone x3  
  113  9:12  Zergling x4  
  113  9:13  Zergling x6  
  113  9:14  Zergling x6  
  113  9:15  Zergling x2  
  121  9:19  Queen  
  121  9:20  Extractor  
  121  9:21  Spore Crawler  
  121  9:26  Queen  
  121  9:28  Nydus Network  
  121  9:29  Queen  
  121  9:30  Drone x2  
  126  9:31  Drone  
  127  9:40  Overlord  
  118  10:03  Zergling x4  
  118  10:04  Zergling x10  
  118  10:06  Lurker  
  118  10:07  Lurker x5  
  128  10:08  Lurker, Queen  
  128  10:09  Overlord x2  
  128  10:13  Overlord, Queen  
  136  10:19  Overlord  
  136  10:20  Queen  
  135  10:27  Nydus Canal  
  134  10:31  Lurker  
  134  10:34  Zergling x10  
  134  10:35  Zergling x10  
  145  10:37  Hydralisk  
  145  10:39  Queen  
  145  10:40  Hydralisk  
  145  10:41  Spore Crawler, Zergling x2  
  151  10:45  Overlord x2  
  151  10:47  Overseer  
  151  10:55  Zergling x2  
  151  10:58  Hydralisk x2  
  145  11:10  Hydralisk x2  
  136  11:12  Zergling x10  
  136  11:16  Zergling x4  
  136  11:17  Zergling x4  
  136  11:18  Zergling x4  
  144  11:22  Zergling x2  
  144  11:24  Lurker x2  
  148  11:25  Zergling x4  
  149  11:33  Hatchery, Hydralisk  
  149  11:34  Hydralisk x3  
  156  11:40  Zergling x4  
  156  11:43  Lurker  
  159  11:52  Zergling x12  
  165  12:07  Overlord  
  158  12:08  Overlord  
  158  12:10  Overlord  
  147  12:17  Spire  
  147  12:18  Zergling x12  
  147  12:19  Zergling x12  
  146  12:29  Drone x6  
  153  12:30  Drone  
  151  12:45  Drone x2  
  151  12:47  Extractor  
  151  12:48  Spore Crawler, Extractor  
  151  12:50  Spore Crawler  
  149  12:54  Drone  
  147  13:25  Overlord  
  147  13:31  Mutalisk  
  147  13:32  Mutalisk x14  
  177  13:38  Zerg Flyer Weapons Level 1  
  176  13:43  Mutalisk  
  176  13:50  Mutalisk  
  176  13:54  Overlord  
  178  14:01  Hatchery  
  178  14:02  Mutalisk x2  
  173  14:03  Mutalisk  
  173  14:05  Zergling x2  
  173  14:06  Zergling x16  
  173  14:07  Mutalisk  
  184  14:10  Mutalisk  
  184  14:12  Overlord  
  186  14:23  Mutalisk x2  
  189  14:27  Overlord  
  189  14:30  Overlord  
  189  14:45  Extractor  
  188  14:46  Mutalisk x4  
  188  14:49  Queen  
  198  14:57  Drone  
  199  15:02  Extractor  
  198  15:11  Mutalisk x4  
  198  15:12  Mutalisk  
  198  15:25  Mutalisk x3  
  198  15:36  Mutalisk  
  200  15:45  Mutalisk x2  
  200  15:49  Mutalisk  
  192  15:58  Mutalisk  
  192  15:59  Mutalisk  
  192  16:02  Spore Crawler  
  180  16:15  Drone x3  
  180  16:16  Drone x4  
  182  16:19  Extractor  
Show
View Real Time Build Order
Export as new Build Order

DIMAGA Zerg 

Build Orders: Hatch First, Lurkers 

Get SALT Encoding   

  12  0:00  Drone  
  13  0:12  Overlord  
  13  0:18  Drone  
  14  0:24  Extractor  
  14  0:25  Drone  
  15  0:31  Drone  
  15  0:35  Drone  
  17  0:54  Hatchery  
  17  0:56  Drone  
  17  1:10  Spawning Pool  
  16  1:13  Drone  
  16  1:17  Drone  
  18  1:19  Drone  
  18  1:22  Extractor  
  18  1:28  Drone  
  19  1:39  Overlord  
  19  2:00  Queen  
  19  2:01  Zergling x4  
  23  2:07  Baneling Nest, Queen  
  24  2:09  Zergling x2  
  25  2:18  Drone  
  25  2:22  Spine Crawler  
  25  2:30  Drone  
  25  2:31  Zergling x4  
  28  2:39  Queen  
  30  2:53  Baneling  
  30  2:54  Baneling  
  30  2:56  Drone x2  
  33  2:58  Drone x2  
  33  3:03  Drone  
  33  3:04  Drone  
  36  3:10  Overlord  
  36  3:27  Drone  
  36  3:32  Drone x2, Overlord  
  36  3:33  Drone x2  
  40  3:39  Lair  
  40  3:41  Drone  
  40  3:42  Extractor  
  40  3:46  Drone  
  41  3:50  Drone  
  41  3:54  Drone x4  
  46  4:00  Zergling x2  
  46  4:02  Zergling x2  
  48  4:03  Baneling x3  
  48  4:11  Spine Crawler  
  45  4:27  Zergling x8  
  45  4:28  Zergling x4  
  45  4:30  Drone x2  
  52  4:33  Overlord x2  
  52  4:39  Spire  
  52  4:43  Extractor x2  
  49  4:48  Drone x3  
  52  4:57  Metabolic Boost  
  52  4:58  Drone x2  
  54  5:00  Drone x4  
  54  5:03  Drone  
  47  5:26  Drone  
  47  5:27  Drone x5  
  53  5:34  Overlord  
  53  5:43  Drone x2  
  53  5:44  Drone x3  
  58  5:53  Mutalisk x2  
  58  5:55  Mutalisk  
  64  5:57  Zerg Flyer Weapons Level 1  
  64  6:02  Mutalisk x2  
  64  6:04  Overlord  
  68  6:07  Overlord  
  68  6:10  Mutalisk  
  70  6:21  Mutalisk  
  70  6:22  Overlord  
  70  6:23  Drone  
  73  6:35  Overlord  
  73  6:36  Drone x2  
  74  6:43  Overlord  
  74  6:48  Mutalisk x2  
  74  6:49  Mutalisk  
  78  6:55  Mutalisk  
  78  6:57  Zergling x4  
  79  7:08  Mutalisk  
  79  7:09  Zergling x12  
  79  7:15  Baneling x2  
  86  7:26  Mutalisk x2  
  86  7:27  Overlord  
  90  7:33  Hatchery  
  84  7:42  Drone x2  
  83  7:45  Drone x2  
  83  7:47  Hydralisk Den  
  83  7:48  Mutalisk  
  83  7:50  Hatchery, Zergling x2  
  83  7:51  Zergling x4  
  86  8:06  Zerg Flyer Weapons Level 2  
  86  8:11  Drone  
  87  8:14  Evolution Chamber  
  87  8:15  Drone  
  87  8:16  Drone x7  
  94  8:20  Lurker Den  
  94  8:29  Drone x3  
  94  8:33  Mutalisk  
  99  8:34  Zergling x2  
  99  8:38  Mutalisk  
  99  8:39  Hatchery  
  101  8:43  Mutalisk  
  101  8:46  Zergling x4  
  105  8:55  Zergling x12  
  106  9:04  Zergling x4  
  108  9:11  Zerg Missile Weapons Level 1  
  108  9:16  Baneling  
  108  9:17  Baneling x3  
  108  9:22  Extractor x2  
  106  9:24  Queen  
  106  9:29  Hydralisk x6  
  120  9:34  Hydralisk  
  120  9:36  Overlord  
  122  9:41  Overlord  
  122  9:44  Hydralisk  
  122  9:45  Hydralisk  
  122  10:07  Lurker  
  122  10:08  Overlord x2, Lurker x2  
  122  10:09  Overlord  
  122  10:10  Drone x6  
  122  10:13  Overlord  
  122  10:14  Overseer  
  131  10:23  Overseer  
  131  10:24  Pneumatized Carapace  
  131  10:26  Lurker  
  131  10:28  Drone x5  
  137  10:35  Hydralisk  
  137  10:36  Hydralisk  
  142  10:50  Lurker x3  
  112  11:17  Mutalisk x5  
  120  11:20  Drone x5, Extractor  
  120  11:21  Extractor  
  120  11:24  Lurker  
  124  11:28  Spine Crawler x2  
  124  11:29  Spine Crawler  
  124  11:30  Spine Crawler x2  
  124  11:31  Spine Crawler  
  124  11:32  Spine Crawler  
  117  11:33  Spine Crawler  
  117  11:34  Spine Crawler  
  117  11:35  Lurker  
  116  12:00  Hydralisk  
  116  12:01  Hydralisk x2  
  118  12:08  Mutalisk x5  
  117  12:33  Hatchery  
  116  12:39  Lurker  
  116  12:40  Lurker x2, Hydralisk x7  
  133  12:46  Drone  
  133  12:47  Drone x8  
  142  12:53  Overlord  
  142  12:55  Zerg Missile Weapons Level 2  
  142  13:06  Mutalisk x3  
  148  13:20  Overlord  
  148  13:23  Lurker x3  
  151  13:28  Mutalisk  
  152  13:52  Hydralisk x4  
  152  13:53  Hydralisk  
  152  13:55  Lurker x2  
  164  14:07  Hydralisk  
  166  14:11  Lurker x2  
  166  14:12  Zergling x2  
  166  14:13  Overlord, Zergling x20  
  179  14:30  Hydralisk  
  179  14:31  Hydralisk x4  
  181  14:32  Overlord  
  181  14:34  Hatchery, Lurker x3  
  191  14:45  Lurker x2  
  193  14:51  Hydralisk x4  
  193  15:07  Lurker x4  
  170  15:25  Mutalisk x6  
Tags
 
Add a new tag
Caveats
  • Supply blocks, unpowered buildings, or Contaminate may cause inaccurate times.
  • Supply counts are checked every 10 seconds.